[Event "US-ch Women 2018"]
[Site "Saint Louis"]
[Date "2018.04.20"]
[Round "3"]
[White "Goletiani, Rusudan"]
[Black "Wang, Annie"]
[Result "0-1"]
[ECO "A13"]
[WhiteElo "2306"]
[BlackElo "2321"]
[Annotator "RC"]
[PlyCount "110"]
[EventDate "2018.??.??"]
[EventType "tourn"]
[EventCountry "USA"]
[SourceTitle "playchess.com"]
[Source "ChessBase"]
[SourceQuality "1"]
[TimeControl "40/5400+30:1800+30"]

1. c4 e6 2. Nf3 Nf6 3. b3 d5 4. e3 Be7 5. g3 c5 6. Bg2 O-O 7. O-O b6 8. Bb2 Bb7 9. Nc3 Nc6 10. cxd5 Nxd5 11. Nxd5 exd5 12. d4 Ba6 13. Re1 c4 14. e4 Bb4 15. exd5 Ne7 16. d6 Qxd6 17. Nd2 Rac8 18. bxc4 Bxc4 19. Nxc4 Rxc4 20. Re5 Ng6 21. Re3 Qc7 22. d5 Bc5 23. Re2 Rc8 24. Qd3 Bb4 25. Rd1 Rd8 26. h4 Nf8 27. a3 Bd6 28. Rde1 b5 29. h5 h6 30. Re4 a6 31. Bf1 Rxe4 32. Rxe4 Nd7 33. Qe2 Qb8 34. Bh3 Nb6 35. Bg2 Nc4 36. Bd4 Bxa3 37. Rg4 Bf8 38. Qa2 Qc8 39. Bh3 Qb7 40. Qa1 f5 41. Rg6 Nd6 42. Bg2 Rd7 43. Qc1 Kh7 44. g4 fxg4 45. Rxg4 Rf7 46. Qc2+ Kg8 47. Qg6 Qc8 48. Bh3 Nf5 49. Bf6 Qc2 50. Rg3 Qd1+ 51. Kh2 Nxg3 52. Be6 Qxh5+ 53. Qxh5 Nxh5 54. Be5 Bc5 55. d6 Nf6 0-1

[Event "US-ch Women 2018"]
[Site "Saint Louis"]
[Date "2018.04.25"]
[Round "7"]
[White "Derakhshani, Dorsa"]
[Black "Abrahamyan, Tatev"]
[Result "1/2-1/2"]
[ECO "C18"]
[WhiteElo "2306"]
[BlackElo "2366"]
[Annotator "NA"]
[PlyCount "62"]
[EventDate "2018.??.??"]
[EventType "tourn"]
[EventCountry "USA"]
[SourceTitle "playchess.com"]
[Source "ChessBase"]
[SourceQuality "1"]
[TimeControl "40/5400+30:1800+30"]

1. e4 e6 2. d4 d5 3. Nc3 Bb4 4. e5 Ne7 5. a3 Bxc3+ 6. bxc3 c5 7. Qg4 cxd4 8. Qxg7 Rg8 9. Qxh7 Qc7 10. Ne2 Nbc6 11. h4 {[%emt 0:00:37] C18: French: 3 Nc3 Bb4: Main line: 7 h4 and 7 Qg4} (11. f4 dxc3 12. Nxc3 Nd4 13. Bb2 Bd7 14. O-O-O Qb6 15. Qd3 Ndf5 16. Rd2 Rc8 17. g3 Ne3 18. Ne4 Rxc2+ 19. Rxc2 dxe4 20. Qxe4 Nxc2 21. Qxc2 {½-½ (31) Giri,A (2752)-Carlsen,M (2834) Wijk aan Zee 2018}) 11... Qxe5 (11... dxc3 $11 12. f4 b6) 12. Bf4 Qf5 13. Qxf5 Nxf5 14. cxd4 Nfxd4 15. Nxd4 Nxd4 16. O-O-O Nc6 17. Bg5 Kf8 $146 ({Predecessor:} 17... Bd7 18. f4 Rc8 {1-0 (32) Seeck,K-Schmid,L Flensburg 1961}) 18. Bf6 Rg6 19. Bc3 f6 20. h5 Rh6 $1 $11 21. Bd2 ({White should try} 21. Be2 $18) 21... Rh8 {[%emt 0:01:57] [#]} 22. Bc3 (22. Be3 $1 $16) 22... Kf7 $2 23. f4 Bd7 24. g4 e5 25. g5 fxg5 26. fxg5 Bg4 27. g6+ (27. Rxd5 $16 Bf3 28. Bc4) 27... Kf6 $1 28. g7 Rxh5 29. Rxh5 Bxh5 30. Rxd5 $11 Kxg7 31. Bxe5+ Nxe5 1/2-1/2

[Event "US-ch Women 2018"]
[Site "Saint Louis"]
[Date "2018.04.25"]
[Round "7"]
[White "Gorti, Akshita"]
[Black "Goletiani, Rusudan"]
[Result "1-0"]
[ECO "A04"]
[WhiteElo "2252"]
[BlackElo "2306"]
[Annotator "RC"]
[PlyCount "81"]
[EventDate "2018.??.??"]
[EventType "tourn"]
[EventCountry "USA"]
[SourceTitle "playchess.com"]
[Source "ChessBase"]
[SourceQuality "1"]
[TimeControl "40/5400+30:1800+30"]

1. Nf3 e6 2. c4 f5 3. g3 b6 4. Bg2 Bb7 5. O-O Nf6 6. d3 g6 7. Nc3 Bg7 8. Qc2 Nc6 9. a3 O-O 10. b4 Qe7 11. Rb1 a5 12. Qb3 Kh8 13. Bd2 d6 14. Rfc1 Ng4 15. Nb5 axb4 16. axb4 e5 17. h3 Nf6 18. Ne1 e4 19. c5 Ba6 20. cxd6 cxd6 21. Rxc6 Bxb5 22. Rcc1 d5 23. Bc3 f4 24. Bd4 fxg3 25. fxg3 Qd6 26. g4 Rae8 27. Qc3 Re7 28. Nc2 exd3 29. exd3 Qg3 30. Rf1 Rc7 31. Qb2 Rc6 32. Rf3 Qc7 33. Na3 Bxd3 34. Rxd3 Ne8 35. Re1 Bxd4+ 36. Qxd4+ Ng7 37. Nb5 Qc8 38. Na7 Rc1 39. Nxc8 Rxe1+ 40. Kh2 Rxc8 41. Rf3 1-0

[Event "US-ch Women 2018"]
[Site "Saint Louis"]
[Date "2018.04.28"]
[Round "10"]
[White "Feng, Maggie"]
[Black "Foisor, Sabina-Francesca"]
[Result "1/2-1/2"]
[ECO "A01"]
[WhiteElo "2243"]
[BlackElo "2308"]
[Annotator "ChessBase"]
[PlyCount "159"]
[EventDate "2018.??.??"]
[EventType "tourn"]
[EventCountry "USA"]
[SourceTitle "playchess.com"]
[Source "ChessBase"]
[SourceQuality "1"]
[TimeControl "40/5400+30:1800+30"]

1. b3 d5 2. Bb2 Nf6 3. e3 Bg4 4. Nf3 e6 5. h3 Bh5 6. Be2 Be7 7. O-O O-O 8. c4 c6 9. d4 Ne4 10. Nbd2 f5 11. Ne5 Bxe2 12. Qxe2 Nd7 13. Nxd7 Qxd7 14. Nxe4 fxe4 15. f3 exf3 16. Rxf3 Rxf3 17. Qxf3 Bf6 18. Rd1 Rf8 19. Qe2 Qf7 20. Ba3 Rd8 21. Qg4 h5 22. Qe2 Qg6 23. Rf1 Rd7 24. Qf3 Kh7 25. cxd5 exd5 26. Qf5 Qxf5 27. Rxf5 Kg6 28. Rf3 Kf7 29. Kf1 Ke6 30. Ke2 b6 31. Kd3 Rc7 32. Rf2 Rc8 33. Rc2 Kd7 34. Rf2 Re8 35. Rf5 Rh8 36. Bb4 a5 37. Be1 Ke6 38. Rf1 Rc8 39. Bg3 c5 40. Rc1 a4 41. Be1 Kd7 42. dxc5 axb3 43. axb3 bxc5 44. e4 Bg5 45. Rc2 Ke6 46. exd5+ Kxd5 47. Bf2 Be7 48. Re2 Bd6 49. Be1 Rb8 50. Kc2 Ra8 51. Bc3 g5 52. Rd2+ Kc6 53. Kd3 Rb8 54. Kc4 Rf8 55. Re2 Rf4+ 56. Kd3 Kd5 57. Bd2 Rf5 58. Be3 g4 59. Rf2 Re5 60. Bf4 Re4 61. Bxd6 Rd4+ 62. Kc3 Kxd6 63. hxg4 Rxg4 64. Rf5 h4 65. Rh5 Kc6 66. Rh8 Kd5 67. Rh5+ Kd6 68. Rh6+ Ke5 69. Rh5+ Kf4 70. Kc4 Kg3+ 71. Kxc5 Kxg2 72. b4 h3 73. b5 h2 74. b6 h1=Q 75. Rxh1 Kxh1 76. b7 Rg8 77. Kc6 Kg2 78. Kc7 Kf3 79. b8=Q Rxb8 80. Kxb8 1/2-1/2

[Event "US-ch Women 2018"]
[Site "Saint Louis"]
[Date "2018.04.29"]
[Round "11"]
[White "Paikidze, Nazi"]
[Black "Goletiani, Rusudan"]
[Result "1/2-1/2"]
[ECO "B42"]
[WhiteElo "2352"]
[BlackElo "2306"]
[Annotator "ChessBase"]
[PlyCount "75"]
[EventDate "2018.??.??"]
[EventType "tourn"]
[EventCountry "USA"]
[SourceTitle "playchess.com"]
[Source "ChessBase"]
[SourceQuality "1"]
[TimeControl "40/5400+30:1800+30"]

1. e4 c5 2. Nf3 e6 3. d4 cxd4 4. Nxd4 a6 5. Bd3 Bc5 6. Nb3 Be7 7. O-O Nc6 8. f4 d6 9. Nc3 Nf6 10. Qf3 Qc7 11. Be3 O-O 12. a3 Re8 13. Rae1 g6 14. g4 b5 15. g5 Nd7 16. Qh3 b4 17. Ne2 bxa3 18. bxa3 Na5 19. Nxa5 Qxa5 20. Qh4 Bb7 21. Bd4 e5 22. fxe5 Nxe5 23. Qf2 Rf8 24. h4 Rac8 25. Nf4 Qa4 26. c3 Qd7 27. Qg3 Bd8 28. Bb1 Nc4 29. Ba2 Bb6 30. Bxc4 Bxd4+ 31. cxd4 Rxc4 32. d5 Re8 33. Qf3 Bc8 34. Ng2 Qc7 35. Re3 a5 36. Nf4 Qd7 37. Ng2 Rc2 38. Rf2 1/2-1/2

[Event "US-ch Women 2018"]
[Site "Saint Louis"]
[Date "2018.04.29"]
[Round "11"]
[White "Foisor, Sabina-Francesca"]
[Black "Wang, Annie"]
[Result "1-0"]
[ECO "D61"]
[WhiteElo "2308"]
[BlackElo "2321"]
[Annotator "ChessBase"]
[PlyCount "73"]
[EventDate "2018.??.??"]
[EventType "tourn"]
[EventCountry "USA"]
[SourceTitle "playchess.com"]
[Source "ChessBase"]
[SourceQuality "1"]
[TimeControl "40/5400+30:1800+30"]

1. d4 e6 2. c4 Nf6 3. Nf3 d5 4. Bg5 Be7 5. Qc2 O-O 6. e3 Nbd7 7. Nc3 h6 8. Bh4 c5 9. cxd5 cxd4 10. Nxd4 Nxd5 11. Bxe7 Nxe7 12. O-O-O Qa5 13. Nb3 Qe5 14. g4 Nf6 15. Be2 Bd7 16. h4 Rfc8 17. Kb1 Nfd5 18. Ka1 Bc6 19. Rhg1 Nb4 20. Qd2 Ned5 21. Nxd5 Nxd5 22. g5 hxg5 23. Rxg5 Qf6 24. Rdg1 Ne7 25. Rxg7+ Qxg7 26. Rxg7+ Kxg7 27. Qd4+ f6 28. Qd6 Kf7 29. Nc5 Bd5 30. Bh5+ Kf8 31. b4 Rxc5 32. bxc5 f5 33. f3 Rc8 34. e4 fxe4 35. fxe4 Bxe4 36. Qxe6 Bd5 37. Qf6+ 1-0

[Event "US-ch Women 2018"]
[Site "Saint Louis"]
[Date "2018.04.29"]
[Round "11"]
[White "Derakhshani, Dorsa"]
[Black "Feng, Maggie"]
[Result "1/2-1/2"]
[ECO "C18"]
[WhiteElo "2306"]
[BlackElo "2243"]
[Annotator "ChessBase"]
[PlyCount "47"]
[EventDate "2018.??.??"]
[EventType "tourn"]
[EventCountry "USA"]
[SourceTitle "playchess.com"]
[Source "ChessBase"]
[SourceQuality "1"]
[TimeControl "40/5400+30:1800+30"]

1. e4 e6 2. d4 d5 3. Nc3 Bb4 4. e5 Ne7 5. a3 Bxc3+ 6. bxc3 c5 7. Qg4 O-O 8. Bd3 Nbc6 9. Nf3 f5 10. exf6 Rxf6 11. Qh5 h6 12. O-O c4 13. Be2 Bd7 14. Nh4 Nf5 15. Nxf5 exf5 16. Bf4 Be8 17. Qf3 Qd7 18. h4 Rf8 19. Qg3 Kh7 20. Bd6 Rf6 21. Bf4 Rf8 22. Bd6 Rf6 23. Bf4 Rf8 24. Bd6 1/2-1/2

[Event "US-ch Women 2018"]
[Site "Saint Louis"]
[Date "2018.04.29"]
[Round "11"]
[White "Sharevich, Anna"]
[Black "Gorti, Akshita"]
[Result "1-0"]
[ECO "A40"]
[WhiteElo "2281"]
[BlackElo "2252"]
[Annotator "ChessBase"]
[PlyCount "85"]
[EventDate "2018.??.??"]
[EventType "tourn"]
[EventCountry "USA"]
[SourceTitle "playchess.com"]
[Source "ChessBase"]
[SourceQuality "1"]
[TimeControl "40/5400+30:1800+30"]

1. d4 e6 2. Nf3 d5 3. Bf4 Nf6 4. e3 Bd6 5. Bg3 O-O 6. Nbd2 b6 7. Bd3 Bb7 8. Qe2 Ne4 9. c3 Nd7 10. Ba6 Bxa6 11. Qxa6 f5 12. Qe2 Qe7 13. Bxd6 cxd6 14. O-O Ndf6 15. Ne1 e5 16. Nb3 Nd7 17. a4 a5 18. Qb5 Nef6 19. c4 dxc4 20. Qxc4+ d5 21. Qb5 e4 22. Nc1 Qd6 23. Ne2 g5 24. f4 exf3 25. Nxf3 Ng4 26. Ra3 Rae8 27. Rc1 Nxe3 28. Rc6 Qb4 29. Rb3 Qxb5 30. Rxb5 g4 31. Ng5 Nxg2 32. Rxd5 Nb8 33. Re6 Nh4 34. Kf2 Rxe6 35. Nxe6 Re8 36. N2f4 Nc6 37. Rd6 Nb4 38. Rxb6 Rc8 39. d5 Nf3 40. d6 Ne5 41. Rb7 Rc2+ 42. Kg3 Nbc6 43. Nd5 1-0